 Dungeon Crawl Stone Soup version 0.20.1-1-g8b1a95d (webtiles) character file.

33051 vineage the Blocker (level 14, -4/165 HPs)
             Began as a Formicid Fighter on Sept 23, 2017.
             Was a High Priest of Okawaru.
             Slain by Ratty's ghost (21 damage)
             ... on level 1 of the Orcish Mines.
             The game lasted 00:29:00 (12591 turns).

vineage the Blocker (Formicid Fighter)             Turns: 12591, Time: 00:29:01

Health: -4/165     AC: 27    Str: 29    XL:     14   Next: 6%
Magic:  9/15       EV:  2    Int: 10    God:    Okawaru [*****.]
Gold:   512        SH: 23    Dex: 11    Spells: 13/13 levels left

rFire    . . .     SeeInvis .   j - +8 hand axe of Frustration {chop, rElec rC+ Str+6}
rCold    + . .     Gourm    .   x - +3 shield
rNeg     + + +     Faith    .   (armour currently unavailable)
rPois    +         Spirit   .   (helmet unavailable)
rElec    +         Reflect  +   (cloak currently unavailable)
rCorr    .         Harm     .   (gloves currently unavailable)
MR       +....                  (boots currently unavailable)
Stlth    ++++......             g - +4 amulet of reflection
Regen    0.4/turn               (no ring)
MPRegen  0.2/turn               (no ring)

@: tree-form, heroism
A: permanent stasis, dig shafts and tunnels, four strong arms, clumsy 1, strong
1
a: Heroism, Finesse, Renounce Religion


You were on level 1 of the Orcish Mines.
You worshipped Okawaru.
Okawaru was extremely pleased with you.
You were not hungry.
You were a tree.
You visited 3 branches of the dungeon, and saw 16 of its levels.

You collected 692 gold pieces.
You spent 180 gold pieces at shops.

Inventory:

Hand Weapons
 a - a +1 war axe
 j - the +8 hand axe of Frustration (weapon) {chop, rElec rC+ Str+6}
   (You found it on level 4 of the Dungeon)

   It inflicts extra damage upon your enemies.
   It affects your strength (+6).
   It protects you from cold.
   It insulates you from electricity.
 r - the +12 hand axe of Loaz {chop, +Fly rN+ MP+9 SInv}
   (Okawaru gifted it to you on level 13 of the Dungeon)

   It inflicts extra damage upon your enemies.
   It protects you from negative energy.
   It affects your magic capacity (+9).
   It lets you see invisible.
   It lets you fly.
 C - the +2 battleaxe "Arcanum" {vamp, MR+}
   (Okawaru gifted it to you on level 9 of the Dungeon)

   It inflicts no extra harm, but heals its wielder when it wounds a living foe.
   It affects your resistance to hostile enchantments.
Armour
 v - +1 acid dragon scales
 x - a +3 shield (worn)
 E - a +2 pair of gloves (melded)
 F - a +2 cloak of magic resistance (melded)
 G - the +0 scale mail of the Blind Marksman (melded) {rC++}
   (You bought it in a shop on level 9 of the Dungeon)

   It greatly protects you from cold.
 M - a +2 pair of boots of flying (melded)
Jewellery
 g - a +4 amulet of reflection (around neck)
Wands
 q - a wand of polymorph (7/24)
 s - a wand of digging (7/24)
 t - a wand of flame (26/48)
 y - a wand of lightning (8/15)
 D - a wand of confusion (4/48)
Scrolls
 b - a scroll of immolation {unknown}
 c - a scroll of amnesia {unknown}
 d - 2 scrolls of magic mapping
 m - a scroll of summoning {unknown}
 p - 6 scrolls of recharging
 u - 5 scrolls of remove curse
 B - 2 scrolls of enchant weapon
Potions
 i - 2 potions of magic
 o - 2 potions of flight
Books
 e - a book of Misfortune

   Spells                             Type                      Level
   a - Confusing Touch                Hexes                        1
   b - Confuse                        Hexes                        3
   c - Gell's Gravitas                Translocation                3
   d - Petrify                        Transmutation/Earth          4
   e - Metabolic Englaciation         Hexes/Ice                    5
   f - Yara's Violent Unravelling     Hexes/Transmutation          5
 l - a book of Callings

   Spells                             Type                      Level
   a - Summon Small Mammal            Summoning                    1
   b - Call Imp                       Summoning                    2
   c - Call Canine Familiar           Summoning                    3
   d - Summon Guardian Golem          Hexes/Summoning              3
   e - Summon Lightning Spire         Summoning/Air                4
   f - Summon Ice Beast               Ice/Summoning                4
 J - a book of Geomancy

   Spells                             Type                      Level
   a - Sandblast                      Earth                        1
   b - Passwall                       Transmutation/Earth          2
   c - Stone Arrow                    Conjuration/Earth            3
   d - Petrify                        Transmutation/Earth          4
   e - Lee's Rapid Deconstruction     Earth                        5
 K - a book of Conjurations

   Spells                             Type                      Level
   a - Magic Dart                     Conjuration                  1
   b - Searing Ray                    Conjuration                  2
   c - Dazzling Spray                 Conjuration/Hexes            3
   d - Fulminant Prism                Conjuration/Hexes            4
   e - Force Lance                    Conjuration/Translocation    4
   f - Iskenderun's Mystic Blast      Conjuration                  4
 L - a book of Maledictions

   Spells                             Type                      Level
   a - Corona                         Hexes                        1
   b - Ensorcelled Hibernation        Hexes/Ice                    2
   c - Confuse                        Hexes                        3
   d - Tukima's Dance                 Hexes                        3
   e - Dazzling Spray                 Conjuration/Hexes            3
Miscellaneous
 H - a phial of floods
Comestibles
 f - 10 bread rations
 h - 6 royal jellies
 k - 7 meat rations
 N - 3 fruits


   Skills:
 + Level 10.1(15.1) Fighting
 + Level 14.0(19.0) Axes
 + Level 9.1(14.1) Armour
 + Level 5.8(10.8) Dodging
 + Level 3.4(8.4) Stealth
 + Level 14.3(19.3) Shields
 + Level 2.0 Invocations


You had 13 spell levels left.
You didn't know any spells.

Dungeon Overview and Level Annotations

Branches:
Dungeon (14/15)            Temple (1/1) D:4            Lair (0/6) D:8
    Orc (1/2) D:9
 Vaults: D:13-14

Altars:
Cheibriados
Elyvilon
Fedhas
Gozag
Hepliaklqana
Kikubaaqudgha
Makhleb
Okawaru
Sif Muna
Trog
Vehumet
Zin
The Shining One

Shops:
D:9 ([[:   D:11 =   D:14 (**

Portals:
Trove: D:13 (give +2 gold dragon scales)

Annotations:
D:8 exclusion: oklob sapling
D:13 Azrael
Orc:1 Ratty's ghost, journeyman MiBe


Innate Abilities, Weirdness & Mutations

You cannot be hasted, slowed, berserked, paralysed or teleported.
You can dig through walls and to a lower floor.
Your four strong arms can wield two-handed weapons with a shield.
((You have a pair of large antennae on your head. (SInv)))
((You have very sharp teeth.))
((You are partially covered in large bone plates. (SH +4)))
((You are partially covered in slimy green scales. (AC +2)))
You are clumsy. (Dex -2)
Your muscles are strong. (Str +2)


Message History

* * * LOW HITPOINT WARNING * * *
You hit Ratty's ghost but do no damage.
Ratty's ghost is moderately damaged.
You block Ratty's ghost's attack.
You turn into a tree.
Your +2 cloak of magic resistance melds into your body.
Your +2 pair of gloves melds into your body.
Your +2 pair of boots of flying melds into your body.
The +0 scale mail of the Blind Marksman {rC++} melds into your body.
You feel less resistant to hostile enchantments.
You float gracefully downwards.
Your roots penetrate the ground.
Ratty's ghost hits you but does no damage.
You gain the combat prowess of a mighty hero.
You block Ratty's ghost's attack.
You miss Ratty's ghost.
Ratty's ghost is lightly damaged.
You hit Ratty's ghost.
Ratty's ghost is moderately damaged.
Ratty's ghost hits you!!
You die...

## ##.# #...##
..##.#<##
.#......# ###
.........###♣#
.#........##W#
.........{##o##
........{.$.).#
............(##
.........o..##
............
.............
...........o{


You could see Ratty's ghost and an orc.

Vanquished Creatures
  Kirke (D:13)
  Gastronok (D:10)
  2 orc warlords (Orc:1)
  Snorg (D:14)
  A hydra (D:12)
  4 two-headed ogres
  The ghost of Ymberti the Thaumaturge, a journeyman DEFE of Vehumet (D:11)
  3 tengu warriors
  Urug (Orc:1)
  Nergalle (D:12)
  An unseen horror (D:12)
  A deep elf mage (D:14)
  4 ugly things
  3 manticores
  5 centaur zombies
  A yaktaur (shapeshifter) (D:14)
  An efreet (D:14)
  3 trolls
  A hornet (D:9)
  5 slime creatures (D:9)
  2 hippogriffs
  A spriggan (D:7)
  A wraith (D:12)
  A shadow (D:14)
  Eustachio (D:5)
  7 yaks (D:9)
  A wyvern (D:8)
  A hog (shapeshifter) (D:14)
  3 hungry ghosts
  4 wargs
  A soldier ant (D:12)
  The ghost of hilaritas the Chiller, an amateur DEIE (D:3)
  A water moccasin (D:9)
  Duvessa (D:7)
  A swamp drake (D:9)
  3 sky beasts
  An eye of draining (D:14)
  13 orc warriors
  4 ice beasts
  A black bear (D:12)
  A necrophage (D:14)
  3 centaurs
  10 ogres
  A big kobold (D:11)
  A gnoll sergeant (D:11)
  8 bullfrogs
  2 water moccasin zombies
  Dowan (D:7)
  5 killer bees (D:11)
  2 scorpions
  12 wights
  4 howler monkeys
  9 crimson imps
  3 quasits
  5 hounds
  4 jellies
  14 orc priests
  Crazy Yiuf (D:5)
  4 bullfrog skeletons
  4 centaur skeletons
  4 iguanas
  12 orc wizards
  4 worker ants
  Terence (D:3)
  2 killer bee zombies
  2 hound zombies
  2 hound skeletons
  17 adders
  9 gnolls
  A howler monkey skeleton (D:7)
  2 shadow imps
  2 worms
  2 adder skeletons
  An adder zombie (D:9)
  3 dart slugs
  7 leopard geckos
  83 orcs
  7 ball pythons
  4 giant cockroaches
  6 goblins
  11 hobgoblins
  24 jackals
  4 quokkas
  A ball python skeleton (D:4)
  4 bats
  7 frilled lizards
  A jackal skeleton (D:5)
  8 kobolds
  5 rats
420 creatures vanquished.

Vanquished Creatures (others)
  A centaur warrior (D:12)
  3 cyclopes
  5 humans (D:13)
  2 centaurs (D:10)
  2 orc wizards
  2 orcs
15 creatures vanquished.

Grand Total: 435 creatures vanquished

Notes
Turn   | Place    | Note
-------+----------+-------------------------------------------
     0 | D:1      | vineage the Formicid Fighter began the quest for the Orb.
     0 | D:1      | Reached XP level 1. HP: 18/18 MP: 1/1
   403 | D:1      | Reached XP level 2. HP: 24/24 MP: 2/2
   834 | D:1      | Reached XP level 3. HP: 20/29 MP: 3/3
  1314 | D:2      | Reached XP level 4. HP: 29/35 MP: 4/4
  1697 | D:2      | You fall through a shaft for 2 floors!
  1748 | D:4      | Reached skill level 1 in Dodging
  1748 | D:4      | Reached XP level 5. HP: 32/42 MP: 5/5
  1778 | D:4      | Noticed an ogre
  1791 | D:4      | Killed an ogre
  1791 | D:4      | Reached skill level 5 in Shields
  1791 | D:4      | Reached XP level 6. HP: 33/48 MP: 6/6
  1863 | D:4      | Got a dazzling hand axe
  1864 | D:4      | Identified the +8 hand axe of Frustration {chop, rElec rC+ Str+6} (You found it on level 4 of the Dungeon)
  1909 | D:3      | Noticed Terence
  1920 | D:3      | Killed Terence
  2145 | D:3      | Noticed hilaritas's ghost (amateur DEIE)
  2160 | D:3      | Reached XP level 7. HP: 45/55 MP: 7/7
  2170 | D:3      | Killed hilaritas's ghost
  2743 | D:4      | Found a staircase to the Ecumenical Temple.
  2751 | Temple   | Entered the Ecumenical Temple
  2759 | Temple   | Became a worshipper of Warmaster Okawaru
  2773 | D:4      | Gained mutation: Armour fits poorly on your strangely shaped body. [potion of mutation]
  2773 | D:4      | Gained mutation: You have very sharp teeth. [potion of mutation]
  2981 | D:4      | Reached skill level 5 in Axes
  3307 | D:4      | You fall through a shaft for 3 floors!
  3307 | D:7      | Noticed Duvessa
  3307 | D:7      | Noticed Dowan
  3318 | D:7      | Killed Duvessa
  3318 | D:7      | Reached skill level 1 in Stealth
  3329 | D:7      | Killed Dowan
  3330 | D:7      | Reached XP level 8. HP: 43/61 MP: 8/8
  3337 | D:7      | Reached * piety under Okawaru
  3356 | D:7      | Reached skill level 5 in Armour
  3472 | D:7      | Reached skill level 5 in Fighting
  3705 | D:6      | Reached ** piety under Okawaru
  3705 | D:6      | Reached XP level 9. HP: 46/68 MP: 9/9
  3978 | D:5      | Entered Level 5 of the Dungeon
  4504 | D:5      | Found a runed door.
  4594 | D:5      | Noticed Eustachio
  4602 | D:5      | Reached *** piety under Okawaru
  4633 | D:5      | Killed Eustachio
  4911 | D:5      | Noticed Crazy Yiuf
  4915 | D:5      | Killed Crazy Yiuf
  5013 | D:6      | Reached XP level 10. HP: 70/76 MP: 10/10
  5440 | D:7      | Found a deep blue altar of Sif Muna.
  5704 | D:8      | Reached **** piety under Okawaru
  5841 | D:8      | Gained mutation: You are partially covered in slimy green scales. (AC +2) [mutagenic meat]
  5843 | D:8      | Lost mutation: Armour fits poorly on your strangely shaped body. [mutagenic meat]
  5844 | D:8      | Gained mutation: You are clumsy. (Dex -2) [mutagenic meat]
  5847 | D:8      | Found a staircase to the Lair.
  5850 | D:8      | Reached skill level 10 in Axes
  6271 | D:8      | Gained mutation: Your muscles are strong. (Str +2) [mutagenic meat]
  6513 | D:9      | Found Qukhy's Book Emporium.
  6561 | D:9      | Reached ***** piety under Okawaru
  6569 | D:9      | Gained mutation: You are partially covered in large bone plates. (SH +4) [mutagenic meat]
  6604 | D:9      | Noticed a two-headed ogre
  6608 | D:9      | Noticed a two-headed ogre
  6613 | D:9      | Killed a two-headed ogre
  6613 | D:9      | Received a gift from Okawaru
  6613 | D:9      | Reached XP level 11. HP: 51/84 MP: 11/11
  6620 | D:9      | Killed a two-headed ogre
  6775 | D:9      | Reached skill level 10 in Shields
  6793 | D:9      | Noticed a tengu warrior
  6822 | D:9      | Killed a tengu warrior
  6917 | D:9      | Noticed a tengu warrior
  6935 | D:9      | Killed a tengu warrior
  7250 | D:9      | Found a staircase to the Orcish Mines.
  7521 | D:9      | Found Justuxec's Weapon Shop.
  7591 | D:9      | Noticed a two-headed ogre
  7603 | D:9      | Killed a two-headed ogre
  7607 | D:9      | Found Kuankaum's Antique Armour Boutique.
  7658 | D:9      | Bought an encrusted scale mail for 180 gold pieces
  7668 | D:9      | Identified the cursed +0 scale mail of the Blind Marksman {rC++} (You bought it in a shop on level 9 of the Dungeon)
  7699 | D:9      | Received a gift from Okawaru
  7701 | D:9      | Reached XP level 12. HP: 69/93 MP: 12/12
  7704 | D:9      | Got a scorched battleaxe {god gift}
  7706 | D:9      | Identified the +2 battleaxe "Arcanum" {vamp, MR+} (Okawaru gifted it to you on level 9 of the Dungeon)
  7731 | D:9      | Found Cealuyn's Antique Armour Shoppe.
  7833 | D:10     | Entered Level 10 of the Dungeon
  7848 | D:10     | Noticed a two-headed ogre
  7855 | D:10     | Killed a two-headed ogre
  8289 | D:10     | Noticed Gastronok
  8315 | D:10     | Killed Gastronok
  8315 | D:10     | Reached skill level 1 in Invocations
  8679 | D:11     | Noticed Ymberti's ghost (journeyman DEFE)
  8697 | D:11     | Killed Ymberti's ghost
  8697 | D:11     | Received a gift from Okawaru
  8929 | D:11     | Found Oseox's Jewellery Shop.
  9695 | D:12     | Noticed an unseen horror
  9708 | D:12     | Killed an unseen horror
  9708 | D:12     | Reached XP level 13. HP: 101/101 MP: 13/13
  9992 | D:12     | Noticed Nergalle
 10008 | D:12     | Killed Nergalle
 10157 | D:12     | Noticed a centaur warrior
 10159 | D:12     | Killed a centaur warrior
 10319 | D:12     | Noticed a four-headed hydra
 10330 | D:12     | You are sucked into a shaft for 2 floors!
 10680 | D:14     | Found Qieb's Antique Weapon Shop.
 11280 | D:14     | Found Utor's Assorted Antiques.
 11334 | D:14     | Reached skill level 5 in Dodging
 11341 | D:14     | Found Gugeal's Assorted Antiques.
 11378 | D:14     | Noticed Snorg
 11408 | D:14     | Killed Snorg
 11952 | D:13     | Found a portal to a secret trove of treasure.
 11954 | D:13     | Noticed Kirke
 12009 | D:13     | Killed Kirke
 12009 | D:13     | Received a gift from Okawaru
 12040 | D:13     | Got a bloodstained hand axe {god gift}
 12041 | D:13     | Identified the +12 hand axe of Loaz {chop, +Fly rN+ MP+9 SInv} (Okawaru gifted it to you on level 13 of the Dungeon)
 12045 | D:13     | Noticed a four-headed hydra
 12090 | D:13     | Noticed Azrael
 12110 | D:12     | Killed a 14-headed hydra
 12400 | Orc:1    | Entered Level 1 of the Orcish Mines
 12406 | Orc:1    | Noticed an orc warlord
 12418 | Orc:1    | Noticed Urug
 12428 | Orc:1    | Noticed an orc warlord
 12453 | Orc:1    | Killed an orc warlord
 12453 | Orc:1    | Received a gift from Okawaru
 12453 | Orc:1    | Reached skill level 10 in Fighting
 12465 | Orc:1    | Killed Urug
 12477 | Orc:1    | Noticed Ratty's ghost (journeyman MiBe)
 12512 | Orc:1    | Killed an orc warlord
 12512 | Orc:1    | Received a gift from Okawaru
 12512 | Orc:1    | Reached XP level 14. HP: 77/110 MP: 11/15
 12591 | Orc:1    | Slain by Ratty's ghost

Skill      XL: |  1  2  3  4  5  6  7  8  9 10 11 12 13 14 |
---------------+-------------------------------------------+-----
Shields        | 4 5 6 7 9 11 12 14 | 14.3
Axes           | 3 4 5 7 9 10 11 13 14 | 14.0
Armour         | 4 5 6 7 8 9 |  9.1
Dodging        | 1 2 3 4 5 |  5.8
Fighting       | 4 5 6 7 8 9 10 | 10.1
Stealth        | 1 2 3 |  3.4
Invocations    | 1 2 |  2.0

Action                   |  1- 3 |  4- 6 |  7- 9 | 10-12 | 13-15 || total
-------------------------+-------+-------+-------+-------+-------++-------
Melee: War axe           |   108 |    85 |       |       |       ||   193
       Hand axe          |       |    36 |   235 |   586 |   346 ||  1203
       Bite              |       |       |    18 |    73 |    35 ||   126
       Battleaxe         |       |       |       |    42 |       ||    42
Throw: Javelin           |       |       |       |       |     5 ||     5
Invok: Heroism           |       |       |       |     3 |     9 ||    12
       Finesse           |       |       |       |       |     2 ||     2
 Abil: Shaft Self        |       |       |     1 |       |     1 ||     2
       Dig               |       |       |     2 |       |     1 ||     3
  Use: Scroll            |     3 |     5 |     5 |     3 |     2 ||    18
       Potion            |       |       |     6 |     3 |    11 ||    20
 Stab: Distracted        |       |       |       |     1 |       ||     1
  Eat: Chunk             |     1 |     3 |     5 |    21 |     2 ||    32
       Meat ration       |       |       |     1 |     1 |     2 ||     4
       Fruit             |       |       |       |       |     3 ||     3
Armor: Scale mail        |    39 |    36 |    16 |    67 |    39 ||   197
       Skin              |       |       |       |     3 |    54 ||    57
Dodge: Dodged            |    40 |    33 |    43 |    82 |    57 ||   255
Block: Shield            |    63 |    89 |   140 |   429 |   294 ||  1015
       Reflection        |     1 |       |     3 |    26 |    14 ||    44
